%YAML 1.1
%TAG !u! tag:unity3d.com,2011:
--- !u!1 &1017920596709122123
GameObject:
  m_ObjectHideFlags: 0
  m_CorrespondingSourceObject: {fileID: 0}
  m_PrefabInstance: {fileID: 0}
  m_PrefabAsset: {fileID: 0}
  serializedVersion: 6
  m_Component:
  - component: {fileID: 2576412756899401509}
  m_Layer: 0
  m_Name: firePoint
  m_TagString: Untagged
  m_Icon: {fileID: 0}
  m_NavMeshLayer: 0
  m_StaticEditorFlags: 0
  m_IsActive: 1
--- !u!4 &2576412756899401509
Transform:
  m_ObjectHideFlags: 0
  m_CorrespondingSourceObject: {fileID: 0}
  m_PrefabInstance: {fileID: 0}
  m_PrefabAsset: {fileID: 0}
  m_GameObject: {fileID: 1017920596709122123}
  m_LocalRotation: {x: 0, y: 0, z: 0, w: 1}
  m_LocalPosition: {x: 0, y: 1.04, z: 1.028}
  m_LocalScale: {x: 1, y: 1, z: 1}
  m_Children: []
  m_Father: {fileID: 3810082852606999636}
  m_RootOrder: 1
  m_LocalEulerAnglesHint: {x: 0, y: 0, z: 0}
--- !u!1 &1495168996714001208
GameObject:
  m_ObjectHideFlags: 0
  m_CorrespondingSourceObject: {fileID: 0}
  m_PrefabInstance: {fileID: 0}
  m_PrefabAsset: {fileID: 0}
  serializedVersion: 6
  m_Component:
  - component: {fileID: 3810082852606999636}
  - component: {fileID: 173459578}
  - component: {fileID: 4675478213932559090}
  m_Layer: 0
  m_Name: pfBlowpipe
  m_TagString: Untagged
  m_Icon: {fileID: 0}
  m_NavMeshLayer: 0
  m_StaticEditorFlags: 0
  m_IsActive: 1
--- !u!4 &3810082852606999636
Transform:
  m_ObjectHideFlags: 0
  m_CorrespondingSourceObject: {fileID: 0}
  m_PrefabInstance: {fileID: 0}
  m_PrefabAsset: {fileID: 0}
  m_GameObject: {fileID: 1495168996714001208}
  m_LocalRotation: {x: 0, y: 0, z: 0, w: 1}
  m_LocalPosition: {x: 0, y: -1.072, z: 0}
  m_LocalScale: {x: 1, y: 1, z: 1}
  m_Children:
  - {fileID: 640030718458469125}
  - {fileID: 2576412756899401509}
  m_Father: {fileID: 0}
  m_RootOrder: 0
  m_LocalEulerAnglesHint: {x: 0, y: 0, z: 0}
--- !u!114 &173459578
MonoBehaviour:
  m_ObjectHideFlags: 0
  m_CorrespondingSourceObject: {fileID: 0}
  m_PrefabInstance: {fileID: 0}
  m_PrefabAsset: {fileID: 0}
  m_GameObject: {fileID: 1495168996714001208}
  m_Enabled: 1
  m_EditorHideFlags: 0
  m_Script: {fileID: 11500000, guid: 48948dfe9d76b07488dacd46a7955fa1, type: 3}
  m_Name: 
  m_EditorClassIdentifier: 
--- !u!114 &4675478213932559090
MonoBehaviour:
  m_ObjectHideFlags: 0
  m_CorrespondingSourceObject: {fileID: 0}
  m_PrefabInstance: {fileID: 0}
  m_PrefabAsset: {fileID: 0}
  m_GameObject: {fileID: 1495168996714001208}
  m_Enabled: 1
  m_EditorHideFlags: 0
  m_Script: {fileID: 11500000, guid: b33564d66f8144c2eb801c33d61aaec4, type: 3}
  m_Name: 
  m_EditorClassIdentifier: 
  _damage: 10
  _capacity: 10
  _ammo: 20
  _maxCapacity: 10
  _range: 50
  _fireRate: 0.3
  _firePoint: {fileID: 2576412756899401509}
  _projectilePrefab: {fileID: 3466382008143404242, guid: 444a865c33955423bae927007e399144,
    type: 3}
--- !u!1001 &1111089422364015854
PrefabInstance:
  m_ObjectHideFlags: 0
  serializedVersion: 2
  m_Modification:
    m_TransformParent: {fileID: 3810082852606999636}
    m_Modifications:
    - target: {fileID: -8679921383154817045, guid: 5a3b6c4d18d4a2346a38d3ae1e03191e,
        type: 3}
      propertyPath: m_LocalPosition.x
      value: -0.0000029206276
      objectReference: {fileID: 0}
    - target: {fileID: -8679921383154817045, guid: 5a3b6c4d18d4a2346a38d3ae1e03191e,
        type: 3}
      propertyPath: m_LocalPosition.y
      value: 1.0431517
      objectReference: {fileID: 0}
    - target: {fileID: -8679921383154817045, guid: 5a3b6c4d18d4a2346a38d3ae1e03191e,
        type: 3}
      propertyPath: m_LocalPosition.z
      value: 0.99906874
      objectReference: {fileID: 0}
    - target: {fileID: -8679921383154817045, guid: 5a3b6c4d18d4a2346a38d3ae1e03191e,
        type: 3}
      propertyPath: m_LocalRotation.x
      value: -0.9997671
      objectReference: {fileID: 0}
    - target: {fileID: -8679921383154817045, guid: 5a3b6c4d18d4a2346a38d3ae1e03191e,
        type: 3}
      propertyPath: m_LocalRotation.y
      value: -1.9326762e-11
      objectReference: {fileID: 0}
    - target: {fileID: -8679921383154817045, guid: 5a3b6c4d18d4a2346a38d3ae1e03191e,
        type: 3}
      propertyPath: m_LocalRotation.z
      value: -1.0023982e-11
      objectReference: {fileID: 0}
    - target: {fileID: -8679921383154817045, guid: 5a3b6c4d18d4a2346a38d3ae1e03191e,
        type: 3}
      propertyPath: m_LocalRotation.w
      value: -0.021581631
      objectReference: {fileID: 0}
    - target: {fileID: -8679921383154817045, guid: 5a3b6c4d18d4a2346a38d3ae1e03191e,
        type: 3}
      propertyPath: m_RootOrder
      value: 0
      objectReference: {fileID: 0}
    - target: {fileID: -8679921383154817045, guid: 5a3b6c4d18d4a2346a38d3ae1e03191e,
        type: 3}
      propertyPath: m_LocalEulerAnglesHint.x
      value: -182.473
      objectReference: {fileID: 0}
    - target: {fileID: -8679921383154817045, guid: 5a3b6c4d18d4a2346a38d3ae1e03191e,
        type: 3}
      propertyPath: m_LocalEulerAnglesHint.y
      value: 0
      objectReference: {fileID: 0}
    - target: {fileID: -8679921383154817045, guid: 5a3b6c4d18d4a2346a38d3ae1e03191e,
        type: 3}
      propertyPath: m_LocalEulerAnglesHint.z
      value: -0.000015258789
      objectReference: {fileID: 0}
    - target: {fileID: 919132149155446097, guid: 5a3b6c4d18d4a2346a38d3ae1e03191e,
        type: 3}
      propertyPath: m_Name
      value: hPoly_BlowPipe
      objectReference: {fileID: 0}
    m_RemovedComponents: []
  m_SourcePrefab: {fileID: 100100000, guid: 5a3b6c4d18d4a2346a38d3ae1e03191e, type: 3}
--- !u!4 &640030718458469125 stripped
Transform:
  m_CorrespondingSourceObject: {fileID: -8679921383154817045, guid: 5a3b6c4d18d4a2346a38d3ae1e03191e,
    type: 3}
  m_PrefabInstance: {fileID: 1111089422364015854}
  m_PrefabAsset: {fileID: 0}
